SAAA
PURE MICHIGAN GREAT LAKERS @ PHOENIX HOTSPUR RESERVES
08/15/2024
 
TOP OF THE 1ST
Pure Michigan Great Lakers batting - Pitching for Phoenix Hotspur Reserves : RHP Gabriel Hernández
Pitching: RHP Gabriel Hernández
Batting: SHB Valentín Guzmán 0-0: Foul Ball, location: 2F
0-1: Ball
1-1: Foul Ball, location: 2F
1-2: Ball
2-2: Foul Ball, location: 2F
2-2: Ground out 4-3 (Groundball, 4)
Batting: RHB Javier Rivera 0-0: Ball
1-0: Ground out 6-3 (Groundball, 6MS)
Batting: LHB Mario Cruz 0-0: Foul Ball, location: 2F
0-1: Called Strike
0-2: Ball
1-2: Strikes out swinging
Top of the 1st over - 0 run(s), 0 hit(s), 0 error(s), 0 left on base; Pure Michigan 0 - Phoenix 0
BOTTOM OF THE 1ST
Phoenix Hotspur Reserves batting - Pitching for Pure Michigan Great Lakers : RHP Alejandro Arteaga
Pitching: RHP Alejandro Arteaga
Batting: RHB David Rivas 0-0: Called Strike
0-1: Ball
1-1: SINGLE (Groundball, 6M) (infield hit)
Batting: LHB Joaquín Rangel 0-0: Ball
1-0: Fielders Choice at 2nd, 4-6 (Groundball, 4)
Batting: RHB Shohei Kiyomizu 0-0: Ball
1-0: Called Strike
1-1: Swinging Strike
1-2: Ball
2-2: Foul Ball, location: 2F
2-2: Foul Ball, location: 2F
2-2: Foul Ball, location: 2F
2-2: Ball
3-2: Base on Balls
Joaquín Rangel to second
Batting: RHB Satoshi Terada 0-0: Grounds into double play, 5-4-3 (Groundball, 5)
Bottom of the 1st over - 0 run(s), 1 hit(s), 0 error(s), 1 left on base; Pure Michigan 0 - Phoenix 0
TOP OF THE 2ND
Pure Michigan Great Lakers batting - Pitching for Phoenix Hotspur Reserves : RHP Gabriel Hernández
Batting: RHB Ron Ward 0-0: Ball
1-0: Ball
2-0: Ball
3-0: Called Strike
3-1: Foul Ball, location: 2F
3-2: Ground out 5-3 (Groundball, 5)
Batting: LHB Sean Angwin 0-0: Called Strike
0-1: Called Strike
0-2: Foul Ball, location: 2F
0-2: Ball
1-2: Ball
2-2: SINGLE (Line Drive, 89S)
Batting: RHB Pablo León 0-0: Ball
1-0: Called Strike
1-1: Called Strike
1-2: Ball
2-2: Ball
3-2: Grounds into double play, 4-6-3 (Groundball, 34)
Top of the 2nd over - 0 run(s), 1 hit(s), 0 error(s), 0 left on base; Pure Michigan 0 - Phoenix 0
BOTTOM OF THE 2ND
Phoenix Hotspur Reserves batting - Pitching for Pure Michigan Great Lakers : RHP Alejandro Arteaga
Batting: RHB Al Thomas 0-0: Called Strike
0-1: Fly out, F3 (Popup, 9LSF)
Batting: RHB Júlio Mateo 0-0: Called Strike
0-1: Ball
1-1: Swinging Strike
1-2: Ball
2-2: Fly out, F2 (Popup, 25F)
Batting: RHB Juan Banda 0-0: Called Strike
0-1: Ground out 5-3 (Groundball, 5)
Bottom of the 2nd over - 0 run(s), 0 hit(s), 0 error(s), 0 left on base; Pure Michigan 0 - Phoenix 0
TOP OF THE 3RD
Pure Michigan Great Lakers batting - Pitching for Phoenix Hotspur Reserves : RHP Gabriel Hernández
Batting: RHB Zong-yuan Fung 0-0: SINGLE (Line Drive, 34)
Batting: RHB Ramiro Gonzáles 0-0: Called Strike
0-1: Ball
1-1: Ball
2-1: Ball
3-1: Grounds into double play, 5-4-3 (Groundball, 56)
Batting: RHB Bill Childers 0-0: Called Strike
0-1: Ground out 6-3 (Groundball, 6)
Top of the 3rd over - 0 run(s), 1 hit(s), 0 error(s), 0 left on base; Pure Michigan 0 - Phoenix 0
BOTTOM OF THE 3RD
Phoenix Hotspur Reserves batting - Pitching for Pure Michigan Great Lakers : RHP Alejandro Arteaga
Batting: RHB Jesús Álvarez 0-0: Called Strike
0-1: Ball
1-1: Foul Ball, location: 2F
1-2: Strikes out swinging, 2-3 out at first.
Batting: RHB Ben Anderson 0-0: SINGLE (Groundball, 5L)
Batting: RHB David Rivas 0-0: Called Strike
0-1: Fly out, F8 (Flyball, 8RS)
Batting: LHB Joaquín Rangel 0-0: Ball
1-0: Ball
2-0: Called Strike
2-1: Foul Ball, location: 2F
2-2: Strikes out swinging
Bottom of the 3rd over - 0 run(s), 1 hit(s), 0 error(s), 1 left on base; Pure Michigan 0 - Phoenix 0
TOP OF THE 4TH
Pure Michigan Great Lakers batting - Pitching for Phoenix Hotspur Reserves : RHP Gabriel Hernández
Batting: SHB Valentín Guzmán 0-0: Swinging Strike
0-1: Called Strike
0-2: Ball
1-2: Strikes out swinging
Batting: RHB Javier Rivera 0-0: Called Strike
0-1: Swinging Strike
0-2: Ball
1-2: Foul Ball, location: 2F
1-2: Ground out 6-3 (Groundball, 6M)
Batting: LHB Mario Cruz 0-0: Ball
1-0: Foul Ball, location: 2F
1-1: Called Strike
1-2: Fly out, F5 (Flyball, 7S)
Top of the 4th over - 0 run(s), 0 hit(s), 0 error(s), 0 left on base; Pure Michigan 0 - Phoenix 0
BOTTOM OF THE 4TH
Phoenix Hotspur Reserves batting - Pitching for Pure Michigan Great Lakers : RHP Alejandro Arteaga
Batting: RHB Shohei Kiyomizu 0-0: Called Strike
0-1: Ground out 6-3 (Groundball, 56)
Batting: RHB Satoshi Terada 0-0: Ball
1-0: Called Strike
1-1: Ball
2-1: Fly out, F7 (Line Drive, 78M)
Batting: RHB Al Thomas 0-0: Fly out, F9 (Flyball, 89M)
Bottom of the 4th over - 0 run(s), 0 hit(s), 0 error(s), 0 left on base; Pure Michigan 0 - Phoenix 0
TOP OF THE 5TH
Pure Michigan Great Lakers batting - Pitching for Phoenix Hotspur Reserves : RHP Gabriel Hernández
Batting: RHB Ron Ward 0-0: Swinging Strike
0-1: Ball
1-1: Foul Ball, location: 2F
1-2: Ball
2-2: Ground out 5-3 (Groundball, 56S)
Batting: LHB Sean Angwin 0-0: Ball
1-0: Foul Ball, location: 2F
1-1: Ball
2-1: SINGLE (Line Drive, 89S)
Batting: RHB Pablo León 0-0: Grounds into double play, 6-4-3 (Groundball, 6)
Top of the 5th over - 0 run(s), 1 hit(s), 0 error(s), 0 left on base; Pure Michigan 0 - Phoenix 0
BOTTOM OF THE 5TH
Phoenix Hotspur Reserves batting - Pitching for Pure Michigan Great Lakers : RHP Alejandro Arteaga
Batting: RHB Júlio Mateo 0-0: Called Strike
0-1: Ball
1-1: Ground out 5-3 (Groundball, 5)
Batting: RHB Juan Banda 0-0: Ball
1-0: Ground out 5-3 (Groundball, 5)
Batting: RHB Jesús Álvarez 0-0: Ball
1-0: Ball
2-0: Called Strike
2-1: Fly out, F9 (Line Drive, 89M)
Bottom of the 5th over - 0 run(s), 0 hit(s), 0 error(s), 0 left on base; Pure Michigan 0 - Phoenix 0
TOP OF THE 6TH
Pure Michigan Great Lakers batting - Pitching for Phoenix Hotspur Reserves : RHP Gabriel Hernández
Batting: RHB Zong-yuan Fung 0-0: Called Strike
0-1: Fly out, F8 (Flyball, 8RXD)
Batting: RHB Ramiro Gonzáles 0-0: Called Strike
0-1: Ball
1-1: Ball
2-1: Ball
3-1: Foul Ball, location: 2F
3-2: Ground out 5-3 (Groundball, 5)
Batting: RHB Bill Childers 0-0: Ball
1-0: Fly out, F3 (Popup, 3F)
Top of the 6th over - 0 run(s), 0 hit(s), 0 error(s), 0 left on base; Pure Michigan 0 - Phoenix 0
BOTTOM OF THE 6TH
Phoenix Hotspur Reserves batting - Pitching for Pure Michigan Great Lakers : RHP Alejandro Arteaga
Batting: RHB Ben Anderson 0-0: Called Strike
0-1: Ball
1-1: Foul Ball, location: 2F
1-2: SINGLE (Flyball, 7S)
Batting: RHB David Rivas 0-0: Ball
1-0: Bunt missed!
1-1: Bunted foul
1-2: Foul Ball, location: 2F
1-2: Ball
2-2: Foul Ball, location: 2F
2-2: Strikes out swinging
Batting: LHB Joaquín Rangel 0-0: Ball
1-0: SINGLE (Line Drive, 34D)
Ben Anderson to second
Runner from 2nd tries for 3rd, SAFE, no throw or cutoff
Batting: RHB Shohei Kiyomizu 0-0: Called Strike
Joaquín Rangel steals 2nd base
0-1: DOUBLE (Line Drive, 9LS)
Ben Anderson scores
Joaquín Rangel scores
Batting: RHB Satoshi Terada 0-0: Ball
1-0: Ball
2-0: Ball
3-0: Base on Balls
Batting: RHB Al Thomas 0-0: Ball
1-0: Ball
2-0: DOUBLE (Line Drive, 7LM)
Shohei Kiyomizu scores
Satoshi Terada to third
Batting: RHB Júlio Mateo 0-0: Foul Ball, location: 2F
0-1: Swinging Strike
0-2: Ball
1-2: Ball
2-2: Strikes out looking
Batting: RHB Juan Banda 0-0: Ball
1-0: Called Strike
1-1: Ball
2-1: 3-RUN HOME RUN (Flyball, 7LD), Distance : 342 ft
Batting: RHB Jesús Álvarez 0-0: Ball
1-0: Foul Ball, location: 2F
1-1: Ball
2-1: SINGLE (Line Drive, 4D)
Batting: RHB Ben Anderson 0-0: Called Strike
0-1: Ball
Jesús Álvarez steals 2nd base
1-1: Ball
2-1: Called Strike
2-2: Ground out 5-3 (Groundball, 56)
Bottom of the 6th over - 6 run(s), 6 hit(s), 0 error(s), 1 left on base; Pure Michigan 0 - Phoenix 6
TOP OF THE 7TH
Pure Michigan Great Lakers batting - Pitching for Phoenix Hotspur Reserves : RHP Gabriel Hernández
Batting: SHB Valentín Guzmán 0-0: Ball
1-0: SOLO HOME RUN (Line Drive, 9D), Distance : 394 ft
Batting: RHB Javier Rivera 0-0: Ball
1-0: Foul Ball, location: 2F
1-1: Ball
2-1: DOUBLE (Line Drive, 7LS)
Batting: LHB Mario Cruz 0-0: Ball
1-0: Called Strike
1-1: Swinging Strike
1-2: Ball
2-2: Ball
3-2: Foul Ball, location: 2F
3-2: Base on Balls
Batting: RHB Ron Ward 0-0: Ball
1-0: Swinging Strike
1-1: Foul Ball, location: 2F
1-2: Strikes out swinging
Batting: LHB Sean Angwin 0-0: Called Strike
0-1: Swinging Strike
0-2: Foul Ball, location: 2F
0-2: Ball
1-2: Strikes out swinging
Batting: RHB Pablo León 0-0: Ball
1-0: Ground out 6-3 (Groundball, 6)
Top of the 7th over - 1 run(s), 2 hit(s), 0 error(s), 2 left on base; Pure Michigan 1 - Phoenix 6
BOTTOM OF THE 7TH
Phoenix Hotspur Reserves batting - Pitching for Pure Michigan Great Lakers : RHP Alejandro Arteaga
Batting: RHB David Rivas 0-0: Ball
1-0: Ball
2-0: Swinging Strike
2-1: Ball
3-1: Called Strike
3-2: Fly out, F3 (Popup, 3F)
Batting: LHB Joaquín Rangel 0-0: Ball
1-0: Foul Ball, location: 2F
1-1: Ball
2-1: Ground out 4-3 (Groundball, 4)
Batting: RHB Shohei Kiyomizu 0-0: Called Strike
0-1: Foul Ball, location: 2F
0-2: Ball
1-2: Strikes out swinging
Bottom of the 7th over - 0 run(s), 0 hit(s), 0 error(s), 0 left on base; Pure Michigan 1 - Phoenix 6
TOP OF THE 8TH
Pure Michigan Great Lakers batting - Pitching for Phoenix Hotspur Reserves : RHP Gabriel Hernández
Pitching: RHP Richard Carlson
Batting: RHB Zong-yuan Fung 0-0: Ball
1-0: Ball
2-0: Ball
3-0: Called Strike
3-1: Foul Ball, location: 2F
3-2: Foul Ball, location: 2F
3-2: SOLO HOME RUN (Flyball, 7D), Distance : 397 ft
Batting: RHB Ramiro Gonzáles 0-0: Ball
1-0: Fly out, F2 (Popup, 2LF)
Batting: RHB Bill Childers 0-0: Ball
1-0: Ball
2-0: Ground out 6-3 (Groundball, 6)
Batting: SHB Valentín Guzmán 0-0: Ball
1-0: Ball
2-0: Called Strike
2-1: Ball
3-1: SINGLE (Groundball, 34D)
Batting: RHB Javier Rivera 0-0: Called Strike
0-1: Ball
1-1: Ball
2-1: Ball
3-1: Base on Balls
Valentín Guzmán to second
Pitching: LHP Joey Dudley
Batting: LHB Mario Cruz 0-0: Swinging Strike
0-1: Swinging Strike
0-2: Strikes out swinging
Top of the 8th over - 1 run(s), 2 hit(s), 0 error(s), 2 left on base; Pure Michigan 2 - Phoenix 6
BOTTOM OF THE 8TH
Phoenix Hotspur Reserves batting - Pitching for Pure Michigan Great Lakers : RHP Alejandro Arteaga
Batting: RHB Satoshi Terada 0-0: Foul Ball, location: 2F
0-1: Called Strike
0-2: Ball
1-2: Ball
2-2: Strikes out looking
Pitching: RHP Juan Villanueva
Batting: RHB Al Thomas 0-0: SINGLE (Groundball, 5L)
Batting: RHB Júlio Mateo 0-0: Swinging Strike
0-1: Ball
1-1: Fly out, F8 (Flyball, 8RM)
Batting: RHB Juan Banda 0-0: Foul Ball, location: 2F
0-1: DOUBLE (Line Drive, 7LS)
Al Thomas to third
Runner from 3rd tries for Home, throw and OUT!
Bottom of the 8th over - 0 run(s), 2 hit(s), 0 error(s), 1 left on base; Pure Michigan 2 - Phoenix 6
TOP OF THE 9TH
Pure Michigan Great Lakers batting - Pitching for Phoenix Hotspur Reserves : LHP Joey Dudley
Batting: RHB Ron Ward 0-0: Ball
1-0: Swinging Strike
1-1: Fly out, F9 (Flyball, 9LM)
Batting: LHB Sean Angwin 0-0: Fly out, F8 (Flyball, 8LD)
Batting: RHB Pablo León 0-0: Ball
1-0: Fly out, F7 (Flyball, 78M)
Top of the 9th over - 0 run(s), 0 hit(s), 0 error(s), 0 left on base; Pure Michigan 2 - Phoenix 6
This league is powered by Out of the Park Baseball, the baseball management simulation game for PC, Mac and Linux
Monday, October 3rd, 2016 - OOTP Baseball 16.9 Build 39